 Dungeon Crawl Stone Soup version 0.8.0-a0-5070-g39ea811 character file.

1361699 Jaeger the Skullcrusher (level 27, 276/276 (279) HPs)
             Began as an Ogre Berserker on Feb 5, 2011.
             Was a High Priest of Trog.
             Escaped with the Orb
             ... and 3 runes (of 3 types) on Feb 7, 2011!
             The game lasted 07:11:09 (102728 turns).

Jaeger the Skullcrusher (Ogre Berserker)          Turns: 102728, Time: 07:11:10

HP 276/276 (279) AC 39     Str 34 Exp: 27/1025775 (15578)
MP  25/25        EV  3     Int 19      God: Trog [*****.]
Gold 8508        SH  0     Dex  9      Spells:  0 memorised, 28 levels left

Res.Fire  : + + +   See Invis. : .   a - +1,+10 giant club of Trog's Brutal Revenge
Res.Cold  : + + .   Warding    : .   z - +11 gold dragon armour
Life Prot.: + + .   Conserve   : .   (shield restricted)
Res.Acid. : . . .   Res.Corr.  : .   l - +2 wizard hat {Int+3}
Res.Poison: +       Clarity    : .   A - +3 cloak "Aleos" {Int+5 Acc-1}
Res.Elec. : .       Spirit.Shd : .   (gloves unavailable)
Sust.Abil.: . .     Stasis     : +   (boots unavailable)
Res.Mut.  : .       Ctrl.Telep.: .   N - cursed amulet of stasis
Res.Rott. : .       Levitation : .   U - ring of life protection
Saprovore : + . .   Ctrl.Flight: .   e - ring of life protection

@: very resistant to hostile enchantments, extremely unstealthy
A: unfitting armour, fast metabolism 1, saprovore 1, screaming 1, tough skin 1
a: Burn Spellbooks, Berserk, Trog's Hand, Brothers in Arms, Renounce Religion


You escaped.
You worshipped Trog.
Trog was exalted by your worship.
You were not hungry.

You visited 11 branches of the dungeon, and saw 75 of its levels.
You visited 4 portal chambers: sewer, bailey, wizlab, ice cave.

You collected 8620 gold pieces.
You spent 132 gold pieces at shops.

Inventory:

Hand weapons
 a - the +1,+10 giant club of Trog's Brutal Revenge (weapon) {god gift, crush, rF++ rC+}
   (Trog gifted it to you in an ice cave)

   It inflicts extra damage upon your enemies.
   It greatly protects you from fire.
   It protects you from cold.
 d - a +0,+3 dagger of pain
   (You took it off a goblin on level 1 of the Dungeon)
 t - the +3,+8 giant spiked club of the End {god gift, antimagic, Stlth++}
   (Trog gifted it to you on level 3 of the Crypt)

   It disrupts the flow of magical energy around spellcasters and certain
   magical creatures (including the wielder).
   It makes you much more stealthy.
 y - the +10,+7 giant spiked club "Pathrel" {god gift, freeze, Int+1}
   (Trog gifted it to you on level 5 of the Realm of Zot)

   It has been specially enchanted to freeze those struck by it, causing extra
   injury to most foes and up to double damage against particularly susceptible
   opponents.
   It can also slow down cold-blooded creatures.
   It affects your intelligence (+1).
Missiles
 b - 6 silver +8 javelins (quivered)
Armour
 l - a +2 wizard hat of intelligence (worn)
   (You took it off Gastronok on level 8 of the Lair of Beasts)
 z - a +11 gold dragon armour (worn)
   (You found it on level 7 of the Dungeon)
 A - the +3 cloak "Aleos" (worn) {Int+5 Acc-1}
   (You acquired it on level 1 of the Lair of Beasts)

   It affects your intelligence (+5).
   It affects your accuracy (-1).
Magical devices
 g - a wand of teleportation (5)
   (You found it on level 10 of the Dungeon)
 C - a wand of healing (8)
   (You found it on level 3 of the Lair of Beasts)
 G - a wand of disintegration (1)
   (You found it on level 2 of the Shoals)
 L - a wand of teleportation (6)
   (You found it on level 4 of the Lair of Beasts)
 V - a wand of healing (9)
   (You found it on level 17 of the Dungeon)
Comestibles
 o - 12 honeycombs
 v - 17 royal jellies
Scrolls
 F - 3 scrolls of blinking
Jewellery
 e - a ring of life protection (left hand)
   (You found it on level 4 of the Snake Pit)
 i - an uncursed amulet of conservation
   (You found it on level 1 of the Lair of Beasts)
 k - an uncursed ring of protection from fire
   (You found it on level 13 of the Dungeon)
 r - an uncursed ring of see invisible
   (You found it on level 4 of the Dungeon)
 B - an uncursed amulet of clarity
   (You found it on level 8 of the Vaults)
 I - an uncursed amulet of resist mutation
   (You found it on level 8 of the Vaults)
 N - a cursed amulet of stasis (around neck)
   (You found it on level 6 of the Vaults)
 S - an uncursed ring of protection from magic
   (You found it on level 5 of the Lair of Beasts)
 T - an uncursed ring of protection from cold
   (You found it on level 5 of the Elven Halls)
 U - a ring of life protection (right hand)
   (You found it on level 8 of the Vaults)
 W - an uncursed ring of protection from cold
   (You found it on level 4 of the Elven Halls)
 X - an uncursed ring of protection from fire
   (You found it on level 5 of the Elven Halls)
Potions
 c - a potion of speed
 h - 3 potions of levitation
 p - 5 potions of agility
 q - 6 potions of healing
 J - 3 potions of might
Orbs of Power
 f - the Orb of Zot
   (You found it on level 5 of the Realm of Zot)
Miscellaneous
 x - a barnacled rune of Zot
   (You found it on level 5 of the Shoals)
 O - a serpentine rune of Zot
   (You found it on level 5 of the Snake Pit)
 P - a silver rune of Zot
   (You found it on level 8 of the Vaults)

   You had 15578 experience left.


   Skills:
 + Level 23 Fighting
 * Level 27 Maces & Flails
 - Level 3 Throwing
 + Level 19 Armour
 - Level 3 Dodging
 - Level 1 Stealth
 + Level 2 Traps & Doors
 - Level 1 Spellcasting
 - Level 2 Evocations


You had 28 spell levels left.
You didn't know any spells.

Dungeon Overview and Level Annotations

Branches:
Dungeon (27/27)            Temple (0/1) D:7             Orc (4/4) D:11
    Elf (5/5) Orc:3          Lair (8/8) D:8          Shoals (5/5) Lair:4
  Slime (0/6) Lair:8        Snake (5/5) Lair:3         Hive (2/2) D:16
  Vault (8/8) D:14          Blade (1/1) Vault:5       Crypt (5/5) Vault:2
   Tomb (0/3) Crypt:3         Zot (5/5) D:27

Altars:
Ashenzari
Fedhas
Kikubaaqudgha
Makhleb
The Shining One
Vehumet
Xom
Yredelemnul
Zin
Beogh

Shops:
D:19: ( D:22: %[*( Orc:2: % Elf:1: ? Elf:2: ( Vault:3: [ Vault:5: ( Vault:6: (

Portals:
Hell: D:21 D:22 D:23 D:25 D:27
Abyss: D:21 D:22 D:25 D:27
Pan: D:21 D:23 D:25

Annotations
Lair:8 exclusion: 2 oklob plants
Shoals:5 exclusion: 2 oklob plants
Vault:3 exclusion: 2 statues


Innate Abilities, Weirdness & Mutations

You are too large for most types of armour.
You have a fast metabolism.
You can tolerate rotten meat.
You have tough skin (AC +1).
You occasionally shout uncontrollably.


Message History

Ogiuptag gestures.
There is a stone staircase leading up here.
You climb upwards.
There is a stone staircase leading down here.
There is a staircase leading out of the dungeon here.
Are you sure you want to leave the Dungeon?
You have escaped!

#.# #.# #.# #.........# #.# #.#
#.# #.........# #.# #.# ######.#
#....>....# #.# #.#
#......###.......... #.# #.#
#..................# #.# #.#
#..##..##>#<#..##..# #.# #.#
#......######......# #.# #.#
#..##.##....##.##..# #.# #.#
#..@##'^...^.'##<... #.# #.#
#..##.##....##.##..# #.# #.#
#......######......# ##.#####.#
#..##..#<#>##..##..#
......##.####..................#
...............................#
......##.#########.###########.#
......##.# #.# #.# ......##.#
#.# #.#


There were no monsters in sight!

Vanquished Creatures
  Khufu (Crypt:3)
  4 orbs of fire (Zot:5)
  4 ancient liches
  Saint Roka (Elf:5)
  A curse toe (Zot:4)
  Norris (Elf:3)
  A greater mummy (Crypt:3)
  Mara (Elf:5)
  Margery (D:22)
  2 Killer Klowns (Zot:5)
  Mennas (Vault:8)
  Frederick (D:21)
  An electric golem (Zot:5)
  3 golden dragons
  Nikola (Elf:3)
  A quicksilver dragon (Vault:8)
  2 deep elf blademasters (Elf:5)
  2 liches (Crypt:5)
  19 Orb Guardians (Zot:5)
  A titan (Vault:8)
  7 shadow dragons
  4 sphinxes
  Kirke (D:14)
  2 krakens
  5 storm dragons
  A player illusion (Elf:5)
  Rupert (D:16)
  Agnes (D:14)
  Frances (Vault:4)
  A storm dragon (shapeshifter) (Vault:8)
  Roxanne (Elf:4)
  A draconian monk (Zot:5)
  Aizul (D:15)
  2 draconian knights (Zot:1)
  Ilsuiw (Shoals:5)
  An orc warlord (Orc:3)
  Donald (Elf:5)
  3 frost giants
  3 bone dragons
  Louise (Elf:1)
  A Pit Fiend (D:24)
  10 tentacled monstrosities
  Gastronok (Lair:8)
  3 draconian zealots (Zot:5)
  A draconian annihilator (Zot:5)
  34 stone giants
  A draconian shifter (Zot:2)
  3 fire giants (Vault:8)
  A quicksilver dragon skeleton (Crypt:2)
  6 greater nagas (Snake:5)
  A mottled draconian (Zot:5)
  5 deep elf death magi (Elf:5)
  6 deep elf sorcerers
  2 green draconians (Zot:5)
  3 white draconians (Zot:5)
  6 deep elf annihilators (Elf:5)
  A black draconian (Zot:4)
  Azrael (D:14)
  4 deep elf master archers (Elf:5)
  A yellow draconian (Zot:1)
  6 ettins
  3 vampire knights
  3 titan zombies
  3 pale draconians
  A great orb of eyes (Vault:8)
  A mummy priest (Crypt:3)
  2 minotaurs (D:19)
  24 yaktaur captains
  A dragon (shapeshifter) (Vault:8)
  A titan skeleton (Crypt:5)
  2 death cobs
  23 vault guards
  6 dragons
  5 sirens
  Josephine (Orc:2)
  A great orb of eyes (shapeshifter) (Vault:8)
  8 hydras
  Erica (Lair:7)
  Harold (Orc:2)
  10 human zombies
  2 ice dragons (Vault:8)
  2 merfolk javelineers (Shoals:5)
  An ogre mage (Vault:8)
  5 dancing weapons (Crypt:5)
  Polyphemus (Shoals:2)
  8 merfolk aquamancers
  4 anacondas
  Nessos (Snake:1)
  4 deep elf demonologists
  A shadow dragon zombie (Crypt:5)
  19 death yaks
  3 rakshasas
  A deep troll (shapeshifter) (D:27)
  An anaconda skeleton (Crypt:5)
  An iron dragon zombie (Crypt:4)
  A golden dragon skeleton (Crypt:2)
  A shadow dragon skeleton (Crypt:5)
  2 frost giant zombies
  12 deep trolls
  A spiny worm (shapeshifter) (Vault:8)
  6 merfolk impalers (Shoals:5)
  7 deep elf high priests
  22 centaur warriors
  2 sphinx skeletons
  An orc high priest (Orc:3)
  An emperor scorpion (shapeshifter) (Vault:8)
  6 griffons
  2 sun demons
  A dire elephant zombie (Crypt:4)
  4 frost giant skeletons
  32 deep elf knights
  72 slime creatures
  2 stone giant skeletons
  4 iron golems (Crypt:5)
  A fire giant skeleton (D:23)
  2 soul eaters
  65 skeletal warriors
  8 ice devils
  4 shadow wraiths
  A storm dragon zombie (Zot:5)
  15 hell knights
  An alligator snapping turtle zombie (Crypt:3)
  3 iron trolls
  A green draconian zombie (Zot:5)
  3 very ugly things
  11 sea snakes
  A yellow draconian zombie (Crypt:2)
  12 naga warriors
  9 flayed ghosts
  13 hill giants
  A death yak zombie (Crypt:3)
  2 ice statues
  An alligator snapping turtle skeleton (Crypt:2)
  3 giant amoebae
  A giant amoeba (shapeshifter) (Vault:8)
  3 iron troll zombies
  5 unseen horrors
  3 crystal golems (Crypt:5)
  17 orc knights
  4 orc sorcerers
  A mottled draconian skeleton (Zot:4)
  A guardian serpent (Snake:4)
  A harpy zombie (Vault:7)
  Urug (D:16)
  A vampire mage (Crypt:2)
  13 necromancers
  20 cyclopes
  3 phantasmal warriors
  An iron troll skeleton (D:22)
  A harpy (shapeshifter) (Vault:6)
  4 red wasps
  2 draconians (shapeshifter)
  11 harpies
  2 hellions
  3 flaming corpses
  A harpy skeleton (Vault:5)
  A human (shapeshifter) (Elf:3)
  A siren skeleton (Crypt:5)
  3 spiny worms
  A fire crab (D:23)
  A death drake skeleton (Crypt:1)
  2 red wasp zombies (Crypt:2)
  Maurice (D:10)
  A portal mimic (Vault:2)
  6 moths of wrath
  4 hydra skeletons
  A shop mimic (Vault:1)
  2 elephant slugs
  25 black mambas
  A door mimic (D:17)
  2 mimics
  2 ettin skeletons
  A griffon zombie (Crypt:4)
  A trapdoor spider (Vault:1)
  An ice dragon zombie (Crypt:4)
  A fountain mimic (D:14)
  2 giant toad zombies
  An ice dragon skeleton (Crypt:1)
  A black mamba zombie (Crypt:3)
  21 elephants
  A wolf spider (Vault:3)
  6 spiny frogs
  4 rock trolls
  46 yaktaurs
  7 hellwings
  A hill giant zombie (D:20)
  A giant firefly zombie (Crypt:3)
  7 orange demons
  Psyche (Orc:2)
  A large large abomination (D:16)
  9 guardian mummies (Crypt:3)
  8 mermaids
  3 silent spectres
  A mermaid (shapeshifter) (Vault:4)
  A raven zombie (Crypt:2)
  Sonja (Snake:1)
  3 rock troll zombies
  A redback (D:24)
  A hill giant skeleton (D:14)
  3 queen bees
  2 spriggans (shapeshifter)
  A troll (shapeshifter) (Vault:8)
  22 naga magi
  94 ugly things
  A deep troll zombie (D:22)
  5 polar bears (Lair:8)
  8 komodo dragons
  15 trolls
  A human (D:14)
  4 smoke demons
  A baby alligator zombie (Crypt:4)
  12 snapping turtles
  11 two-headed ogres
  3 rock troll skeletons
  19 giant toads
  4 deep troll skeletons
  A giant firefly (shapeshifter) (Vault:4)
  A hairy devil (Elf:5)
  8 blink frogs
  An ice dragon simulacrum (Vault:3)
  A baby alligator skeleton (Crypt:2)
  4 grizzly bears (Lair:8)
  A lindwurm zombie (Crypt:4)
  4 elephant zombies
  7 blue devils (Port)
  18 deep elf conjurers
  2 vipers
  2 hogs (D:14)
  10 bears (Lair:8)
  2 wyverns
  A chaos spawn (Zot:5)
  17 deep elf summoners
  5 ynoxinuls
  A bear (shapeshifter) (D:15)
  A hog zombie (Crypt:2)
  A lindwurm skeleton (Crypt:4)
  Eustachio (D:10)
  6 fire drakes
  8 sharks
  3 vampires
  62 yaks
  17 hippogriffs
  6 hungry ghosts
  Grum (Snake:1)
  36 merfolk
  2 fire crab zombies
  A clay golem (D:18)
  A hog skeleton (Orc:2)
  9 ghouls
  5 fire elementals
  33 deep elf fighters
  12 war dogs
  9 vampire mosquitos
  A giant slug zombie (D:19)
  11 neqoxecs
  7 wraiths
  A fire drake skeleton (Crypt:4)
  3 rock worms
  2 soldier ants
  14 hell hounds
  19 manticores
  2 yaktaur skeletons
  22 necrophages
  A komodo dragon zombie (Crypt:1)
  An orange crystal statue (Crypt:1)
  6 freezing wraiths
  A soldier ant (shapeshifter) (Vault:8)
  3 cyclops zombies
  A manticore zombie (Crypt:2)
  2 red devils
  3 mottled dragons
  45 orc warriors
  2 cyclops skeletons
  13 deep elf priests
  3 insubstantial wisps (Vault:8)
  2 manticore skeletons
  2 deep dwarves (shapeshifter)
  2 wyvern skeletons
  9 ice beasts
  5 phantoms
  2 boring beetles
  A swamp drake (D:24)
  A troll zombie (D:16)
  4 sky beasts
  50 centaurs
  An elf (shapeshifter) (Vault:4)
  20 ogres
  A polar bear skeleton (Crypt:2)
  A swamp drake (shapeshifter) (Vault:8)
  25 deep elf magi
  6 gila monsters
  A troll skeleton (Orc:2)
  A grizzly bear skeleton (Crypt:1)
  63 nagas
  7 crocodiles
  3 small abominations
  11 wargs
  2 hippogriff skeletons
  4 boulder beetle zombies
  9 giant goldfish
  33 water moccasins
  29 giant frogs
  13 giant slugs
  16 elf zombies
  5 big kobolds
  3 brain worms
  A centaur zombie (D:21)
  A black bear zombie (Crypt:2)
  2 two-headed ogre zombies
  7 agate snails
  Blork the orc (D:9)
  2 elf skeletons
  2 bear simulacra (Lair:7)
  A water moccasin skeleton (Crypt:2)
  6 boulder beetles
  An eye of draining (D:9)
  188 killer bees
  12 jellyfish
  A gila monster zombie (Crypt:2)
  6 lava snakes (D:24)
  A killer bee zombie (D:19)
  20 wights
  14 electric eels
  A big kobold zombie (Crypt:2)
  14 imps
  2 goliath beetles
  5 lava fish
  A felid skeleton (Crypt:3)
  A gnome skeleton (Crypt:2)
  A big kobold skeleton (D:14)
  A quasit (D:14)
  4 iron imps
  8 shadows
  A dwarf skeleton (Crypt:3)
  A gila monster skeleton (Crypt:4)
  A mottled dragon skeleton (D:16)
  7 iguanas
  A hound (shapeshifter) (Vault:8)
  13 hounds
  2 hound zombies
  36 orc wizards
  8 big fish
  A hound skeleton (D:19)
  7 porcupines
  47 deep elf soldiers
  40 orc priests
  5 worker ants
  20 orange rats
  2 scorpions
  2 worker ant zombies
  An orange rat skeleton (Crypt:4)
  A swamp drake zombie (Crypt:4)
  31 sheep
  6 fire vortices (D:24)
  6 jellies
  A worm zombie (D:25)
  A boggart (shapeshifter) (D:24)
  13 boggarts
  4 hound simulacra (Lair:7)
  4 mummies
  33 flying skulls
  28 gnolls
  6 lemures
  3 shadow imps
  2 giant centipede zombies
  2 giant mites
  50 green rats
  2 midges
  A snake zombie (Crypt:5)
  2 giant centipedes
  40 snakes
  12 white imps
  A goliath beetle simulacrum (Vault:6)
  A sheep skeleton (Crypt:2)
  4 worms
  4 sheep simulacra (Lair:7)
  82 ufetubi
  7 grey rats
  An ooze (shapeshifter) (Vault:6)
  2 gnoll zombies (Crypt:2)
  A green rat zombie (Crypt:2)
  A megabat skeleton (D:4)
  2 giant eyeballs
  9 giant geckos
  2 green rat skeletons
  2 oozes
  15 giant cockroaches
  18 hobgoblins
  38 jackals
  56 megabats
  252 orcs
  6 giant newts
  27 goblins
  2 goblin zombies
  3 grey rat skeletons
  A hobgoblin simulacrum (Crypt:3)
  A hobgoblin zombie (D:13)
  13 illusory rakshasas
  A jackal zombie (Crypt:2)
  50 killer bee larvae
  61 kobolds
  5 kobold zombies
  2 orc skeletons
  11 quokkas
  2 quokka skeletons
  A quokka zombie (D:6)
  42 rats
  A rat simulacrum (Lair:7)
  2 rat zombies
  2 small snakes
  4 small snake zombies
  8 ballistomycetes
  2 butterflies
  2 fungi
  4 plants
  14 tentacles
  26 toadstools
3496 creatures vanquished.

Vanquished Creatures (collateral kills)
  A storm dragon (Zot:5)
  A vault guard (Vault:8)
  A yaktaur captain (Vault:8)
  An ogre mage (Vault:8)
  A centaur warrior (Vault:8)
  A slime creature (Vault:8)
  2 two-headed ogres (Vault:8)
  2 grizzly bears (Lair:8)
  A bear (Lair:8)
  3 ogres (Vault:8)
14 creatures vanquished.

Vanquished Creatures (others)
  A draconian zealot (Zot:2)
  An ogre mage (D:21)
  A deep elf knight (Elf:4)
  33 slime creatures
  An ettin skeleton (D:21)
  2 yaktaurs (D:21)
  2 two-headed ogres (D:21)
  A deep troll skeleton (D:21)
  A deep elf fighter (Vault:7)
  A wyvern zombie (Crypt:5)
  2 ogres (D:21)
  A jellyfish (D:24)
  10 electric eels (D:24)
  A killer bee (D:24)
  A deep elf soldier (Elf:1)
  An orc wizard (Orc:1)
  A human (D:3)
  A snake (Snake:4)
  2 gnolls (D:24)
  A midge (Zot:5)
  A shadow imp (Zot:5)
  A white imp (Port)
  A green rat (Zot:5)
  8 ufetubi
  A grey rat (Elf:5)
  An ooze (D:22)
  A hobgoblin (D:18)
  3 orcs
  2 quokkas
  4 giant spores
  A killer bee larva (Hive:2)
  A small snake (D:1)
  3 ballistomycetes
  6 fungi
  3 plants
  10 tentacles
  364 tentacle segments
  43 toadstools
519 creatures vanquished.

Grand Total: 4029 creatures vanquished

Notes
Turn   | Place    | Note
--------------------------------------------------------------
     0 | D:1      | Jaeger, the Ogre Berserker, began the quest for the Orb.
     0 | D:1      | Reached XP level 1. HP: 18/18 MP: 0/0
   238 | D:1      | Killed monsters: 0 trivial, 9 easy, 0 tough, 0 nasty; 4 corpses
   238 | D:1      | Reached XP level 2. HP: 22/25 MP: 1/1
   637 | D:1      | Acquired Trog's second power
   660 | D:1      | Killed monsters: 6 trivial, 8 easy, 0 tough, 0 nasty; 6 corpses
   660 | D:1      | Reached XP level 3. HP: 24/32 MP: 2/2
  1035 | D:1      | Reached skill level 4 in Maces & Flails
  2014 | D:2      | Killed monsters: 25 trivial, 1 easy, 0 tough, 0 nasty; 10 corpses
  2014 | D:2      | Reached XP level 4. HP: 26/40 MP: 3/3
  2227 | D:2      | HP: 2/40 [poisoned by a worker ant]
  2599 | D:2      | Noticed a hippogriff
  2609 | D:2      | Defeated a hippogriff
  2609 | D:2      | Killed monsters: 4 trivial, 0 easy, 1 tough, 1 nasty; 4 corpses
  2609 | D:2      | Reached XP level 5. HP: 48/48 MP: 4/4
  2609 | D:2      | Killed monsters: 0 trivial, 0 easy, 0 tough, 0 nasty; 0 corpses
  2609 | D:2      | Reached XP level 6. HP: 54/54 MP: 5/5
  2917 | D:3      | Reached skill level 5 in Maces & Flails
  3897 | D:3      | Found an ancient bone altar of Kikubaaqudgha.
  4088 | D:4      | Reached skill level 6 in Maces & Flails
  4594 | D:4      | Found a glowing drain.
  4614 | D:4      | Acquired Trog's third power 4621
                  | sewer
                  | Entered the sewers 4629
                  | sewer
                  | Killed monsters: 29 trivial, 10 easy, 2 tough, 0 nasty; 24 corpses 4629
                  | sewer
                  | Reached XP level 7. HP: 53/64 MP: 6/6 4679
                  | sewer
                  | Reached skill level 7 in Maces & Flails 5004
                  | sewer
                  | Found a white marble altar of Elyvilon.
  5180 | D:5      | Entered Level 5 of the Dungeon
  5679 | D:5      | Reached skill level 8 in Maces & Flails
  5783 | D:5      | Killed monsters: 20 trivial, 2 easy, 9 tough, 0 nasty; 13 corpses
  5783 | D:5      | Reached XP level 8. HP: 72/72 MP: 7/7
  6345 | D:5      | Reached skill level 9 in Maces & Flails
  6425 | D:5      | Found a shattered altar of Ashenzari.
  7195 | D:6      | Found a radiant altar of Vehumet.
  7441 | D:6      | Found a burning altar of Makhleb.
  8371 | D:7      | Found a blossoming altar of Fedhas.
  8530 | D:7      | Found a staircase to the Ecumenical Temple.
  8889 | D:7      | Found a glowing golden altar of the Shining One.
  8919 | D:8      | Killed monsters: 33 trivial, 7 easy, 9 tough, 0 nasty; 20 corpses
  8919 | D:8      | Reached XP level 9. HP: 80/80 MP: 8/8
  8990 | D:8      | Received a gift from Trog
  8994 | D:8      | Reached skill level 10 in Maces & Flails
  9006 | D:8      | Got a jewelled great mace {god gift}
  9007 | D:8      | Identified the great mace "Phew" {god gift, holy, rPois Dex-3} (Trog gifted it to you on level 8 of the Dungeon)
 10236 | D:8      | Reached skill level 11 in Maces & Flails
 10585 | D:9      | Found a shimmering altar of Xom.
 10585 | D:9      | Found a shimmering altar of Xom.
 10586 | D:9      | Found a shimmering altar of Xom.
 10703 | D:9      | Noticed Blork the orc
 10703 | D:9      | sooooo annoying
 10727 | D:9      | Defeated Blork the orc
 10908 | D:9      | Killed monsters: 23 trivial, 14 easy, 13 tough, 0 nasty; 26 corpses
 10908 | D:9      | Reached XP level 10. HP: 90/90 MP: 9/9
 10921 | D:8      | Found a staircase to the Lair.
 11246 | Lair:1   | Entered Level 1 of the Lair of Beasts
 11388 | Lair:1   | Found a burning altar of Makhleb.
 11394 | Lair:1   | Received a gift from Trog
 11463 | Lair:1   | Reached skill level 12 in Maces & Flails
 12444 | Lair:2   | Killed monsters: 16 trivial, 18 easy, 18 tough, 1 nasty; 25 corpses
 12444 | Lair:2   | Reached XP level 11. HP: 42/100 MP: 10/10
 13272 | Lair:3   | Reached skill level 13 in Maces & Flails
 13477 | Lair:3   | Received a gift from Trog
 14149 | Lair:3   | Found a staircase to the Snake Pit.
 14562 | Lair:3   | Reached skill level 14 in Maces & Flails
 15621 | Lair:4   | Killed monsters: 34 trivial, 21 easy, 21 tough, 2 nasty; 27 corpses
 15621 | Lair:4   | Reached XP level 12. HP: 106/110 MP: 11/11
 15644 | Lair:4   | Found a staircase to the Shoals.
 17907 | Lair:7   | Reached skill level 15 in Maces & Flails
 17953 | Lair:7   | Noticed Erica
 18161 | Lair:7   | Received a gift from Trog
 18329 | Lair:7   | Defeated Erica
 18536 | Lair:7   | Killed monsters: 23 trivial, 36 easy, 26 tough, 5 nasty; 43 corpses
 18536 | Lair:7   | Reached XP level 13. HP: 114/120 MP: 15/15
 19106 | Lair:8   | Entered Level 8 of the Lair of Beasts
 19354 | Lair:8   | Received a gift from Trog
 19360 | Lair:8   | Got a smoking giant spiked club {god gift}
 19361 | Lair:8   | Identified the giant spiked club "Blucae" {god gift, freeze, rF+ Str-4} (Trog gifted it to you on level 8 of the Lair of Beasts)
 19436 | Lair:8   | Reached skill level 16 in Maces & Flails
 20111 | Lair:8   | Noticed Gastronok
 20124 | Lair:8   | Defeated Gastronok
 20124 | Lair:8   | Killed monsters: 19 trivial, 29 easy, 29 tough, 1 nasty; 40 corpses
 20124 | Lair:8   | Reached XP level 14. HP: 132/132 MP: 16/16
 20706 | Lair:8   | Found a staircase to the Slime Pits.
 20844 | Lair:8   | Received a gift from Trog
 20848 | Lair:8   | Got a brightly glowing eveningstar {god gift}
 20849 | Lair:8   | Identified the eveningstar of Smung {god gift, drain, Str+3 Int+2 Curse} (Trog gifted it to you on level 8 of the Lair of Beasts)
 21449 | Lair:8   | Gained mutation: You have an increased reservoir of magic (+10% MP).
 21449 | Lair:8   | Gained mutation: Your body is slowly deteriorating.
 21449 | Lair:8   | Gained mutation: You passively map a small area around you.
 21760 | D:9      | Found a shimmering altar of Xom.
 21974 | D:9      | Reached skill level 17 in Maces & Flails
 22169 | D:10     | Entered Level 10 of the Dungeon
 22324 | D:10     | Noticed Eustachio
 22336 | D:10     | Defeated Eustachio
 22365 | D:10     | Noticed Maurice
 22372 | D:10     | Defeated Maurice
 22998 | D:11     | Received a gift from Trog
 23307 | D:11     | Found a staircase to the Orcish Mines.
 23577 | Orc:1    | Entered Level 1 of the Orcish Mines
 23872 | Orc:1    | Found a burning altar of Makhleb.
 23895 | Orc:1    | Received a gift from Trog
 23900 | Orc:1    | Got an ichor-stained sling {god gift}
 23901 | Orc:1    | Identified the sling of Terchij {god gift, velocity, *TELE rElec rF+} (Trog gifted it to you on level 1 of the Orcish Mines)
 24537 | Orc:2    | Noticed Josephine
 24543 | Orc:2    | Defeated Josephine
 24554 | Orc:2    | Noticed Psyche
 24558 | Orc:2    | Defeated Psyche
 24593 | Orc:2    | Found Sicvius' Food Shoppe.
 24734 | Orc:2    | monqy: what's on that gsc
 24734 | Orc:2    | Not the greatest, but okay
 24761 | Orc:2    | Noticed Harold
 24779 | Orc:2    | Defeated Harold
 24985 | Orc:3    | monqy: nice ev too. armour?
 24990 | Orc:3    | nope, just ev penalty from not having 27 str
 24990 | Orc:3    | monqy: how did you get that gda
 24990 | Orc:3    | it was on d:7
 25147 | Orc:3    | monqy: I like how you'd have 27 str without that club
 25147 | Orc:3    | I know, it's annoying
 25151 | Orc:3    | hopefully I get gsc of speed
 25171 | Orc:3    | Received a gift from Trog
 25391 | Orc:3    | Noticed an orc warlord
 25401 | Orc:3    | Noticed an orc high priest
 25406 | Orc:3    | Found a roughly hewn altar of Beogh.
 25409 | Orc:3    | Defeated an orc high priest
 25424 | Orc:3    | Defeated an orc warlord
 25455 | Orc:3    | mikee: ogbe is clearly op
 25455 | Orc:3    | mhm
 25463 | Orc:3    | habe is still super good, too
 25673 | Orc:3    | monqy: hey my ogwz could have done that with tukimas e-z
 25676 | Orc:3    | tukima and tso was hilarious
 26319 | Orc:3    | Found a flagged portal. 26398
                  | bailey
                  | Entered the bailey 26436
                  | bailey
                  | Received a gift from Trog 26448
                  | bailey
                  | Found a bloodstained altar of Trog.
 26668 | Orc:3    | Found a staircase to the Elven Halls.
 27029 | Orc:4    | Entered Level 4 of the Orcish Mines
 27396 | Orc:4    | Noticed a two-headed ogre
 27402 | Orc:4    | Defeated a two-headed ogre
 27829 | Orc:4    | Received a gift from Trog
 28516 | Snake:1  | Entered Level 1 of the Snake Pit
 28517 | Snake:1  | Noticed Nessos
 28573 | Snake:1  | Defeated Nessos
 28573 | Snake:1  | Killed monsters: 245 trivial, 87 easy, 24 tough, 1 nasty; 178 corpses
 28573 | Snake:1  | Reached XP level 15. HP: 91/140 MP: 18/18
 28733 | Snake:1  | Noticed Grum
 28752 | Snake:1  | Defeated Grum
 29179 | Snake:1  | Noticed Sonja
 29187 | Snake:1  | Defeated Sonja
 29359 | Snake:1  | Received a gift from Trog
 29783 | Snake:2  | Reached skill level 18 in Maces & Flails
 32538 | D:12     | Received a gift from Trog
 32545 | D:12     | Got a smoking great mace {god gift}
 32546 | D:12     | Identified the great mace of the Grave {god gift, freeze, Dex+1 Int+3} (Trog gifted it to you on level 12 of the Dungeon)
 33424 | D:13     | Received a gift from Trog
 33630 | D:13     | Killed monsters: 67 trivial, 104 easy, 35 tough, 0 nasty; 97 corpses
 33630 | D:13     | Reached XP level 16. HP: 132/150 MP: 19/19
 34521 | D:14     | Noticed Azrael
 34521 | D:14     | Noticed a fire elemental
 34526 | D:14     | Defeated Azrael
 34528 | D:14     | Noticed a fire elemental
 34529 | D:14     | Defeated a fire elemental
 34530 | D:14     | Defeated a fire elemental
 34658 | D:14     | Noticed Kirke
 34665 | D:14     | Reached skill level 19 in Maces & Flails
 34673 | D:14     | Defeated Kirke
 34686 | D:14     | Received a gift from Trog
 34820 | D:14     | Noticed Agnes
 34844 | D:14     | Defeated Agnes
 34896 | D:14     | Found a staircase to the Vaults.
 35599 | D:16     | Found a staircase to the Hive.
 35755 | D:15     | Entered Level 15 of the Dungeon
 35921 | D:15     | Received a gift from Trog
 35951 | D:15     | Got a transparent sling {god gift}
 36169 | D:16     | Noticed Rupert
 36219 | D:16     | Defeated Rupert
 36601 | D:16     | Noticed Urug
 36608 | D:16     | Defeated Urug
 36931 | D:15     | Noticed Aizul
 36942 | D:15     | Defeated Aizul
 37734 | D:17     | Killed monsters: 45 trivial, 62 easy, 24 tough, 4 nasty; 53 corpses
 37734 | D:17     | Reached XP level 17. HP: 161/161 MP: 20/20
 37859 | D:17     | Received a gift from Trog
 37864 | D:17     | Got a steaming dire flail {god gift}
 37865 | D:17     | Identified the dire flail of Killer Klown's Regret {god gift, pierce, +Rage Dex+2 Int+3 SInv} (Trog gifted it to you on level 17 of the Dungeon)
 39387 | D:18     | Reached skill level 20 in Maces & Flails
 39954 | D:18     | Received a gift from Trog
 39961 | D:18     | Got a crystal giant spiked club {god gift}
 39962 | D:18     | Identified the giant spiked club "Feuboupn" {god gift, freeze, Dex-3 Int+4} (Trog gifted it to you on level 18 of the Dungeon)
 40372 | D:18     | Noticed Wiglaf
 40496 | D:18     | Identified the sling of Trog's Anger {god gift, venom, Str+3} (Trog gifted it to you on level 15 of the Dungeon)
 41270 | Elf:1    | Entered Level 1 of the Elven Halls
 41473 | Elf:1    | Found Peas' Magic Scroll Shoppe.
 41478 | Elf:1    | Bought a scroll of identify for 30 gold pieces
 41478 | Elf:1    | Bought a scroll of identify for 30 gold pieces
 41478 | Elf:1    | Bought a scroll of enchant armour for 72 gold pieces
 41867 | Elf:1    | Noticed Louise
 41873 | Elf:1    | Received a gift from Trog
 41882 | Elf:1    | Defeated Louise
 41889 | Elf:1    | Got an ancient giant spiked club {god gift}
 41890 | Elf:1    | Identified the giant spiked club of Mim Coec {god gift, slay orc, SInv} (Trog gifted it to you on level 1 of the Elven Halls)
 42615 | Elf:1    | Received a gift from Trog
 42719 | Elf:2    | Gained mutation: You are frail (-10% HP).
 43359 | Elf:2    | Found Naleur's Antique Weapon Emporium.
 43761 | Elf:3    | Noticed Norris
 43786 | Elf:3    | Defeated Norris
 43801 | Elf:3    | Received a gift from Trog
 44059 | Elf:3    | Noticed Nikola
 44069 | Elf:3    | Defeated Nikola
 45188 | Elf:4    | Noticed Roxanne
 45211 | Elf:4    | Defeated Roxanne
 45213 | Elf:4    | Got a yellowed book
 45367 | Elf:4    | Reached skill level 21 in Maces & Flails
 45737 | Elf:4    | Identified Roxanne's Handbook of Stones (You took it off Roxanne on level 4 of the Elven Halls)
 45762 | Elf:4    | Received a gift from Trog
 46766 | Elf:5    | Entered Level 5 of the Elven Halls
 46998 | Elf:5    | Noticed Mara
 47005 | Elf:5    | Gained mutation: Your vision is a little blurry.
 47013 | Elf:5    | Noticed Jaeger's ghost (mighty OgBe)
 47342 | Elf:5    | Noticed Donald
 47351 | Elf:5    | Defeated Donald
 47557 | Elf:5    | Noticed a deep elf master archer
 47559 | Elf:5    | Noticed a deep elf master archer
 47564 | Elf:5    | Noticed a deep elf blademaster
 47878 | Elf:5    | Noticed Saint Roka
 47894 | Elf:5    | Defeated Saint Roka
 48088 | Elf:5    | Defeated a deep elf master archer
 48748 | Elf:5    | Noticed an orc priest
 48750 | Elf:5    | Defeated an orc priest
 48789 | Elf:5    | Defeated a deep elf blademaster
 49131 | Elf:5    | Received a gift from Trog
 49419 | Elf:5    | Noticed a deep elf master archer
 49426 | Elf:5    | Defeated a deep elf master archer
 49782 | Elf:5    | Noticed Jaeger's ghost (mighty OgBe)
 49798 | Elf:5    | Defeated Mara
 49807 | Elf:5    | Defeated Jaeger's illusion
 50085 | Elf:5    | Noticed a deep elf master archer
 50098 | Elf:5    | Defeated a deep elf master archer
 50179 | Elf:5    | Noticed a deep elf blademaster
 50196 | Elf:5    | Reached skill level 22 in Maces & Flails
 50214 | Elf:5    | Defeated a deep elf blademaster
 50433 | Elf:5    | Killed monsters: 85 trivial, 160 easy, 71 tough, 8 nasty; 147 corpses
 50433 | Elf:5    | Reached XP level 18. HP: 152/152 MP: 20/20
 50450 | Elf:5    | Reached XP level 17. HP: 132/218 MP: 19/20
 50454 | Elf:5    | Killed monsters: 0 trivial, 2 easy, 3 tough, 0 nasty; 2 corpses
 50454 | Elf:5    | Reached XP level 18. HP: 133/152 MP: 20/20
 50457 | Elf:5    | Defeated a deep elf master archer
 50459 | Elf:5    | Reached XP level 17. HP: 96/218 MP: 19/20
 50462 | Elf:5    | Killed monsters: 1 trivial, 0 easy, 2 tough, 0 nasty; 1 corpses
 50462 | Elf:5    | Reached XP level 18. HP: 91/152 MP: 20/20
 50476 | Elf:5    | Received a gift from Trog
 50478 | Elf:5    | Reached XP level 17. HP: 48/145 MP: 19/20
 50863 | Elf:5    | Got a pitted great mace
 50898 | Elf:5    | Got a glittering jade ring
 50932 | Elf:5    | Got a sparkling lapis lazuli ring
 50961 | Elf:5    | Identified the great mace of Horugainn {slay orc, rC+} (You took it off a deep elf knight on level 5 of the Elven Halls)
 51007 | Elf:5    | Identified the ring "Fiavuimm" (You found it on level 5 of the Elven Halls)
 51011 | Elf:5    | Identified the ring "Citovot" (You found it on level 5 of the Elven Halls)
 51530 | Vault:1  | Entered Level 1 of the Vaults
 52121 | Vault:1  | Killed monsters: 10 trivial, 17 easy, 18 tough, 0 nasty; 13 corpses
 52121 | Vault:1  | Reached XP level 18. HP: 152/152 MP: 20/20
 52390 | Vault:1  | Received a gift from Trog
 52396 | Vault:1  | Got a steaming dire flail {god gift}
 52397 | Vault:1  | Identified the dire flail of Killer Bee's Regret {god gift, antimagic, -CAST rPois rN+ Dex+4} (Trog gifted it to you on level 1 of the Vaults)
 53085 | Lair:1   | Lost mutation: Your vision is a little blurry.
 53085 | Lair:1   | Lost mutation: Your body is slowly deteriorating.
 53085 | Lair:1   | Lost mutation: You are frail (-10% HP).
 53085 | Lair:1   | Lost mutation: You passively map a small area around you.
 53085 | Lair:1   | Lost mutation: You have an increased reservoir of magic (+10% MP).
 53721 | Vault:2  | Found a glowing golden altar of the Shining One.
 53723 | Vault:2  | Found a glowing silver altar of Zin.
 53933 | Vault:2  | Found a staircase to the Crypt.
 53933 | Vault:2  | Found an ancient bone altar of Kikubaaqudgha.
 53934 | Vault:2  | Found a basalt altar of Yredelemnul.
 54236 | Vault:3  | Found Jipar's Armour Boutique.
 55622 | Vault:4  | Reached skill level 23 in Maces & Flails
 55670 | Vault:4  | Received a gift from Trog
 55725 | Vault:4  | Noticed Frances
 55736 | Vault:4  | Defeated Frances
 56233 | Vault:5  | Found a staircase to the Hall of Blades.
 56503 | Vault:5  | Found a magical portal.
 56506 | WizLab   | Entered Iskenderun's Mystic Tower
 56836 | Vault:5  | Received a gift from Trog
 56846 | Vault:5  | Killed monsters: 28 trivial, 84 easy, 32 tough, 1 nasty; 63 corpses
 56846 | Vault:5  | Reached XP level 19. HP: 181/181 MP: 20/20
 56871 | Vault:5  | Got a smoking giant club {god gift}
 56872 | Vault:5  | Identified the giant club of Infinite Pain {god gift, drain, rF- Str+3} (Trog gifted it to you on level 5 of the Vaults)
 56894 | Vault:5  | Found Ehuolajou's Weapon Shop.
 57076 | Blade    | Entered the Hall of Blades
 57384 | Vault:6  | Found Kaba's Antique Weapon Shoppe.
 58679 | Vault:7  | Found a frozen archway.
 58793 | IceCv    | Entered an ice cave
 58911 | IceCv    | Received a gift from Trog
 58913 | IceCv    | Got a warped giant club {god gift}
 58914 | IceCv    | Identified the cursed giant club of Trog's Brutal Revenge {god gift, crush, rF++ rC+} (Trog gifted it to you in an ice cave)
 58964 | IceCv    | Reached skill level 24 in Maces & Flails
 59482 | Vault:7  | Noticed a deep elf mage
 59486 | Vault:7  | Defeated a deep elf mage
 59861 | Vault:8  | Entered Level 8 of the Vaults
 60222 | Vault:8  | Killed monsters: 31 trivial, 64 easy, 38 tough, 1 nasty; 34 corpses
 60222 | Vault:8  | Reached XP level 20. HP: 189/189 MP: 21/21
 60537 | Vault:8  | Noticed an ancient lich
 60547 | Vault:8  | Defeated an ancient lich
 60741 | Vault:8  | Received a gift from Trog
 61283 | Vault:8  | Got a glistering book
 61284 | Vault:8  | Identified the Volume of Flying Buffs (You found it on level 8 of the Vaults)
 61290 | Vault:8  | Got a blackened book
 61291 | Vault:8  | Identified Fenenel's Tome of Hurtful Venom (You found it on level 8 of the Vaults)
 61308 | Vault:8  | Got a glistering book
 61309 | Vault:8  | Identified the Guide on Combat Magic and Flight (You found it on level 8 of the Vaults)
 63628 | Hive:1   | Entered Level 1 of the Hive
 64022 | Hive:1   | Reached skill level 25 in Maces & Flails
 64028 | Hive:1   | Received a gift from Trog
 64029 | Hive:1   | Got a pitted giant spiked club {god gift}
 64030 | Hive:1   | Identified the giant spiked club "Vedo" {god gift, slay orc, rN+ Stlth++} (Trog gifted it to you on level 1 of the Hive)
 64234 | Hive:2   | Entered Level 2 of the Hive
 64686 | Hive:2   | Received a gift from Trog
 64687 | Hive:2   | Got a brightly glowing giant spiked club {god gift}
 64688 | Hive:2   | Identified the giant spiked club of Success {god gift, flame, MUT+ rPois rF+} (Trog gifted it to you on level 2 of the Hive)
 65823 | Vault:8  | Received a gift from Trog
 66400 | Vault:8  | Noticed a golden dragon
 66438 | Vault:8  | Noticed a quicksilver dragon
 66455 | Vault:8  | Defeated a quicksilver dragon
 66897 | Vault:8  | Got a smoking glass ring
 67172 | Vault:8  | Identified the ring "Xeryulor" (You found it on level 8 of the Vaults)
 67484 | Vault:8  | Noticed a deep elf high priest
 67485 | Vault:8  | Received a gift from Trog
 67491 | Vault:8  | Defeated a deep elf high priest
 67577 | Vault:8  | Noticed a deep elf demonologist
 67588 | Vault:8  | Noticed a golden dragon
 67592 | Vault:8  | Defeated a deep elf demonologist
 67601 | Vault:8  | Defeated a golden dragon
 67601 | Vault:8  | Killed monsters: 177 trivial, 33 easy, 59 tough, 4 nasty; 132 corpses
 67601 | Vault:8  | Reached XP level 21. HP: 102/201 MP: 21/21
 67984 | Vault:8  | Noticed Mennas
 68467 | Vault:8  | Got a silver rune of Zot
 68775 | Vault:8  | Defeated a golden dragon
 69089 | Vault:8  | Reached skill level 26 in Maces & Flails
 69337 | Vault:8  | Got a graven book
 69338 | Vault:8  | Identified the Tome of the Shifting Rocks (You found it on level 8 of the Vaults)
 69374 | Vault:8  | Got a yellowed book
 69375 | Vault:8  | Identified Roxanne's Tome of Dusty Moulding (You found it on level 8 of the Vaults)
 69409 | Vault:8  | Received a gift from Trog
 69435 | Vault:8  | Defeated Mennas
 69871 | Lair:1   | squarelos: anything other than crush on that club?
 69871 | Lair:1   | It's a pretty good club lol
 69881 | Lair:1   | identi
 70100 | Snake:5  | Entered Level 5 of the Snake Pit
 71277 | Snake:5  | Killed monsters: 9 trivial, 22 easy, 34 tough, 2 nasty; 29 corpses
 71277 | Snake:5  | Reached XP level 22. HP: 152/207 MP: 22/22
 71679 | Snake:5  | Received a gift from Trog
 72167 | Snake:5  | Got a serpentine rune of Zot
 72809 | Crypt:1  | Entered Level 1 of the Crypt
 73060 | Crypt:1  | Found a shimmering altar of Xom.
 74238 | Crypt:3  | Received a gift from Trog
 74239 | Crypt:3  | Got a faintly glowing giant spiked club {god gift}
 74240 | Crypt:3  | Identified the giant spiked club of the End {god gift, antimagic, Stlth++} (Trog gifted it to you on level 3 of the Crypt)
 75004 | Crypt:3  | Noticed Khufu
 75300 | Crypt:3  | Defeated Khufu
 75840 | Crypt:3  | Found a staircase to the Tomb.
 76237 | Crypt:4  | Gained mutation: You are agile (Dex +1).
 76469 | Crypt:4  | Killed monsters: 65 trivial, 94 easy, 61 tough, 2 nasty; 35 corpses
 76469 | Crypt:4  | Reached XP level 23. HP: 194/220 MP: 22/22
 76834 | Crypt:5  | Entered Level 5 of the Crypt
 77601 | Crypt:5  | Noticed a lich
 77617 | Crypt:5  | Defeated a lich
 77772 | Crypt:5  | Received a gift from Trog
 78002 | Crypt:5  | Got a warped mace {god gift}
 78003 | Crypt:5  | Identified the mace of the Original Sin {god gift, crush, rC+ MR} (Trog gifted it to you on level 5 of the Crypt)
 78022 | Crypt:5  | Found a basalt altar of Yredelemnul.
 78022 | Crypt:5  | Noticed an ancient lich
 78148 | Crypt:5  | Noticed a lich
 78158 | Crypt:5  | Defeated a lich
 78176 | Crypt:5  | Defeated an ancient lich
 78717 | Crypt:5  | Got a smoking bone ring
 78725 | Crypt:5  | Identified the ring of Pnanakeq (You found it on level 5 of the Crypt)
 79400 | D:19     | Reached skill level 27 in Maces & Flails
 79998 | D:19     | Received a gift from Trog
 80001 | D:19     | Got a slimy giant club {god gift}
 80002 | D:19     | Identified the giant club of Demand {god gift, crush, Hunger Int+4} (Trog gifted it to you on level 19 of the Dungeon)
 80075 | D:19     | yay
 80326 | D:19     | Killed monsters: 58 trivial, 70 easy, 38 tough, 2 nasty; 26 corpses
 80326 | D:19     | Reached XP level 24. HP: 217/232 MP: 23/23
 80556 | D:19     | Found Ixzax's Weapon Boutique.
 80561 | D:19     | Lost mutation: You are agile (Dex +1).
 81045 | D:20     | Entered Level 20 of the Dungeon
 81046 | D:20     | Noticed a fire elemental
 81051 | D:20     | Defeated a fire elemental
 82051 | D:21     | Received a gift from Trog
 82052 | D:21     | Noticed a deep elf conjurer
 82062 | D:21     | Defeated a deep elf conjurer
 82132 | D:21     | Found a one-way gate to the infinite horrors of the Abyss.
 82246 | D:21     | Found a gateway to Hell.
 82274 | D:21     | Noticed Frederick
 82300 | D:21     | Defeated Frederick
 82722 | D:21     | Found a one-way gate leading to the halls of Pandemonium.
 83155 | D:21     | Found a gateway to Hell.
 83166 | D:21     | Found a one-way gate to the infinite horrors of the Abyss.
 83264 | D:22     | Found Puifoc's Antique Armour Shop.
 83276 | D:22     | Received a gift from Trog
 83341 | D:22     | Found Klaj's Food Emporium.
 83526 | D:22     | Noticed Margery
 83562 | D:22     | Defeated Margery
 83757 | D:22     | Found Xehiec's General Store.
 83915 | D:22     | Found Kleq's Antique Weapon Shop.
 85104 | D:23     | Received a gift from Trog
 85500 | D:24     | Noticed a fire elemental
 85507 | D:24     | Noticed a fire elemental
 85972 | D:25     | Entered Level 25 of the Dungeon
 86348 | D:25     | Killed monsters: 110 trivial, 123 easy, 23 tough, 2 nasty; 94 corpses
 86348 | D:25     | Reached XP level 25. HP: 211/245 MP: 24/24
 86746 | D:25     | Received a gift from Trog
 87878 | D:24     | Received a gift from Trog
 87882 | D:24     | Got a shimmering giant spiked club {god gift}
 87888 | D:24     | Identified the giant spiked club "Mneucura" {god gift, pierce, -TELE Str+2} (Trog gifted it to you on level 24 of the Dungeon)
 88545 | D:24     | Defeated a fire elemental
 89154 | D:24     | Defeated a fire elemental
 90128 | Shoals:1 | Entered Level 1 of the Shoals
 90255 | Shoals:1 | Received a gift from Trog
 90259 | Shoals:1 | Got a smoking giant spiked club {god gift}
 90261 | Shoals:1 | Identified the giant spiked club "Niczam" {god gift, pierce, +Blink rElec Curse} (Trog gifted it to you on level 1 of the Shoals)
 90436 | Shoals:2 | Noticed Polyphemus
 90498 | Shoals:2 | Defeated Polyphemus
 91400 | Shoals:4 | Received a gift from Trog
 91881 | Shoals:5 | Entered Level 5 of the Shoals
 91941 | Shoals:5 | Noticed Ilsuiw
 92334 | Shoals:5 | Defeated Ilsuiw
 92631 | Shoals:5 | Received a gift from Trog
 92702 | Shoals:5 | Got a barnacled rune of Zot
 94025 | Shoals:4 | Received a gift from Trog
 94029 | Shoals:4 | Got a pitted great mace {god gift}
 94030 | Shoals:4 | Identified the great mace of Turmoil {god gift, crush, rPois Dex+3} (Trog gifted it to you on level 4 of the Shoals)
 94491 | Lair:1   | Gained mutation: Your muscles are strong (Str +1).
 94492 | Lair:1   | Gained mutation: Your mind is acute (Int +1).
 94511 | Lair:1   | wtf
 94513 | Lair:1   | Got a scintillating bone ring
 94514 | Lair:1   | Identified the ring of Sumejeol (You acquired it on level 1 of the Lair of Beasts)
 94519 | Lair:1   | Got a dazzling cloak
 94523 | Lair:1   | Identified the +3 cloak "Aleos" (You acquired it on level 1 of the Lair of Beasts)
 94523 | Lair:1   | :)
 95559 | D:20     | wasting turns, weee
 96771 | D:27     | Entered Level 27 of the Dungeon
 97162 | Zot:1    | Entered Level 1 of the Realm of Zot
 98145 | Zot:4    | Killed monsters: 97 trivial, 153 easy, 73 tough, 1 nasty; 151 corpses
 98145 | Zot:4    | Reached XP level 26. HP: 198/262 MP: 24/24
 98272 | Zot:5    | Entered Level 5 of the Realm of Zot
 99354 | Zot:5    | Received a gift from Trog
 99355 | Zot:5    | Got a bloodstained giant spiked club {god gift}
 99843 | Zot:5    | Gained mutation: Armour fits poorly on your unusually shaped body.
 99961 | Zot:5    | goddamn, oops
100077 | Zot:5    | Gained mutation: Your magical capacity is low (-10% MP).
100083 | Zot:5    | Lost mutation: Your mind is acute (Int +1).
100096 | Zot:5    | Gained mutation: Your vision is a little blurry.
100235 | Zot:5    | Identified the giant spiked club "Pathrel" {god gift, freeze, Int+1} (Trog gifted it to you on level 5 of the Realm of Zot)
100497 | Zot:5    | Gained mutation: You are clumsy (Dex -1).
100511 | Zot:5    | Gained mutation: Your vision is quite blurry.
100518 | Zot:5    | Killed monsters: 0 trivial, 3 easy, 31 tough, 5 nasty; 6 corpses
100518 | Zot:5    | Reached XP level 27. HP: 123/276 MP: 22/22
100840 | Zot:5    | Lost mutation: Your muscles are strong (Str +1).
100845 | Zot:5    | Gained mutation: You are clumsy (Dex -2).
100849 | Zot:5    | Gained mutation: You are weak (Str -1).
100852 | Zot:5    | Gained mutation: Space occasionally distorts in your vicinity.
100859 | Zot:5    | Gained mutation: You occasionally shout uncontrollably.
101393 | Zot:5    | Got the Orb of Zot
101427 | Zot:5    | Gained mutation: You have a very fast metabolism.
101428 | Zot:5    | Noticed Gryczur the pandemonium lord
101440 | Zot:5    | lololol
101544 | Zot:5    | rofl, I'm dumb
101603 | Zot:2    | ugh
101659 | Zot:2    | Noticed Fuwn the pandemonium lord
101766 | D:27     | Lost mutation: You are weak (Str -1).
101766 | D:27     | Lost mutation: Space occasionally distorts in your vicinity.
101766 | D:27     | Lost mutation: Your magical capacity is low (-10% MP).
101767 | D:27     | Lost mutation: Your vision is quite blurry.
101767 | D:27     | Lost mutation: You have a very fast metabolism.
101768 | D:27     | Lost mutation: You are clumsy (Dex -2).
101768 | D:27     | Lost mutation: Your vision is a little blurry.
101768 | D:27     | Lost mutation: Armour fits poorly on your unusually shaped body.
101768 | D:27     | Lost mutation: You are clumsy (Dex -1).
101822 | D:27     | Noticed Bleehef the pandemonium lord
101826 | D:27     | Noticed Phocan the pandemonium lord
101959 | D:24     | oh lord
102141 | D:22     | Noticed Dyrghator the pandemonium lord
102365 | D:16     | Received a gift from Trog
102394 | D:16     | Noticed Hawkenaf the pandemonium lord
102683 | D:2      | Noticed Ogiuptag the pandemonium lord
102728 | D:$      | Escaped with the Orb!
102728 | D:$      | Killed monsters: 19 trivial, 8 easy, 19 tough, 3 nasty; 14 corpses
